 Dungeon Crawl Stone Soup version 0.26.1-2-gb8aa6d0cf2 (webtiles) character file.

Game seed: 1819230470324629175

593 nightchill the Stinger (level 7, -9/50 HPs)
             Began as a Merfolk Venom Mage on Mar 14, 2021.
             Mangled by an ice beast (11 damage)
             ... on level 5 of the Dungeon.
             The game lasted 00:12:07 (6575 turns).

nightchill the Stinger (Merfolk Venom Mage)         Turns: 6575, Time: 00:12:07

Health: -9/50      AC:  3    Str: 10    XL:     7   Next: 39%
Magic:  12/12      EV: 13    Int: 15    God:
Gold:   233        SH:  0    Dex: 14    Spells: 3/13 levels left

rFire    . . .     SeeInvis .   s - +0 trident
rCold    . . .     Faith    .   (no shield)
rNeg     . . .     Spirit   .   a - +0 robe
rPois    .         Reflect  .   p - +0 helmet
rElec    .         Harm     .   (no cloak)
rCorr    .         Rampage  .   (no gloves)
Will     .....                  (no boots)
Stlth    ++........             (no amulet)
HPRegen  0.16/turn              (no ring)
MPRegen  0.13/turn              (no ring)

@: mighty
A: change form in water, swift swim, stealthy swim
a: no special abilities


You were on level 5 of the Dungeon.
You visited 1 branch of the dungeon, and saw 5 of its levels.

You collected 233 gold pieces.

Inventory:

Hand Weapons
 c - a +0 short sword
 s - a +0 trident (weapon)
Armour
 a - a +0 robe (worn)
 p - a +0 helmet (worn)
Jewellery
 o - an uncursed amulet of magic regeneration {unknown}
Scrolls
 b - 3 scrolls of teleportation {unknown}
 g - a scroll of random uselessness {unknown}
 h - 2 scrolls of magic mapping {unknown}
 i - 4 scrolls of amnesia {unknown}
 k - a scroll of enchant weapon {unknown}
 l - 4 scrolls of identify {unknown}
 r - 2 scrolls of enchant armour {unknown}
 u - a scroll of immolation {unknown}
Potions
 d - 3 potions of ambrosia {unknown}
 e - a potion of might
 f - a potion of invisibility {unknown}
 j - a potion of lignification {unknown}
 m - 2 potions of heal wounds {unknown}
 n - a potion of curing {unknown}
 q - a potion of flight {unknown}
 t - a potion of resistance {unknown}


   Skills:
 + Level 2.1 Fighting
 * Level 4.4 Polearms
 - Level 2.6 Dodging
 - Level 2.1 Stealth
 + Level 3.8 Spellcasting
 + Level 1.4 Transmutations
 * Level 6.8 Poison Magic


You had 3 spell levels left.
You knew the following spells:

 Your Spells              Type           Power        Failure   Level
a - Sting                 Tmut/Pois      60%          3%          1
b - Poisonous Vapours     Pois/Air       26%          7%          2
c - Olgreb's Toxic Radia  Pois           23%          11%         4
d - Ignite Poison         Fire/Tmut/Pois 11%          19%         3

Your spell library contained the following spells:

 Spells                   Type           Power        Failure   Level
 Mephitic Cloud           Conj/Pois/Air  9%           22%         3


Dungeon Overview and Level Annotations

Branches:
Dungeon (5/15)
 Temple: D:4-7

Altars:
Qazlal
Sif Muna
Vehumet

Shops:
D:4 ?   D:5 *!*[

Annotations:
D:4 2 runed translucent doors, exclusion: door, kthxbai's ghost, amateur OpTm


Message History

The ice beast hits you.
* * * LOW HITPOINT WARNING * * *
The ice beast freezes you!
* * * LOW HITPOINT WARNING * * *
You hit the ice beast.
The ice beast is heavily wounded.
The ice beast hits you.
* * * LOW HITPOINT WARNING * * *
The ice beast freezes you!
* * * LOW HITPOINT WARNING * * *
The ice beast closely misses you.
You hit the ice beast.
The ice beast is heavily wounded.
The ice beast hits you but does no damage.
You puncture the ice beast!
The ice beast is almost dead.
The ice beast hits you.
* * * LOW HITPOINT WARNING * * *
The ice beast freezes you!
You die...

#......##.#####.#
#.....##.# #.#
#.(..(.#<# #.#
###...†..# #.#
######.# #.#
#.#####.#
#.....#.#
#.###.#.# #.#
#.#@# #.# #.#Y#
#.###.#.########
#.#...........∩.
#.#.#)##########
......# #.#.###
#.#. # #


You could see an ice beast.

Vanquished Creatures
  An ogre (D:4)
  A howler monkey (D:4)
  A jelly (D:4)
  A bullfrog skeleton (D:5)
  2 orc priests (D:3)
  2 hounds
  2 orc wizards (D:4)
  2 worker ants (D:4)
  Terence (D:3)
  7 adders
  An ooze (D:1)
  2 worms
  A dart slug (D:3)
  A leopard gecko (D:2)
  15 orcs
  6 bats
  2 giant cockroaches (D:1)
  8 goblins
  7 hobgoblins
  2 jackals (D:4)
  5 kobolds
  2 quokkas
  3 frilled lizards
  A quokka skeleton (D:4)
  8 rats
84 creatures vanquished.

Notes
Turn   | Place    | Note
-------+----------+-------------------------------------------
     0 | D:1      | nightchill the Merfolk Venom Mage began the quest for the
                  | Orb.
     0 | D:1      | Reached XP level 1. HP: 13/13 MP: 3/3
    58 | D:1      | Reached XP level 2. HP: 7/19 MP: 0/5
   864 | D:1      | Reached skill level 4 in Poison Magic
  1169 | D:1      | Reached XP level 3. HP: 24/24 MP: 2/6
  1745 | D:2      | Learned a level 2 spell: Poisonous Vapours
  2125 | D:2      | Found a stormy altar of Qazlal.
  2215 | D:2      | Reached XP level 4. HP: 10/30 MP: 3/8
  3246 | D:3      | Reached skill level 5 in Poison Magic
  3677 | D:3      | Reached XP level 5. HP: 15/35 MP: 6/9
  3950 | D:3      | Found a radiant altar of Vehumet.
  4095 | D:3      | Learned a level 4 spell: Olgreb's Toxic Radiance
  4367 | D:3      | Noticed Terence
  4371 | D:3      | Killed Terence
  4372 | D:3      | Reached skill level 1 in Polearms
  4478 | D:4      | Reached skill level 6 in Poison Magic
  4478 | D:4      | Reached XP level 6. HP: 42/42 MP: 3/11
  4710 | D:4      | Reached skill level 1 in Fighting
  4822 | D:4      | Found a runed translucent door.
  5100 | D:4      | Noticed a phantom
  5327 | D:4      | Reached XP level 7. HP: 49/49 MP: 12/12
  5652 | D:4      | Found a runed translucent door.
  5703 | D:4      | Noticed kthxbai's ghost (amateur OpTm)
  6178 | D:4      | Found Hiewin's Magic Scroll Boutique.
  6191 | D:4      | Found a shimmering blue altar of Sif Muna.
  6337 | D:5      | Entered Level 5 of the Dungeon
  6344 | D:5      | Found Ygodahette's Assorted Antiques.
  6365 | D:5      | Found Joariugo's Assorted Antiques.
  6369 | D:5      | Found Tucs's Distillery.
  6513 | D:5      | Learned a level 3 spell: Ignite Poison
  6561 | D:5      | Found Moru's Antique Armour Shoppe.
  6575 | D:5      | HP: 2/50 [ice beast (2)]
  6575 | D:5      | Mangled by an ice beast

Illustrated notes

Levels and vault maps discovered:
D:1:      tarquinn_simple_flora_water_a, layout_loops_corners,
          minmay_tree_intersection
D:2:      layout_basic, grunt_qazlal_sundering
D:3:      layout_basic, general_overflow_altar, amethyst_killhole, uniq_terence
D:4:      layout_cave_pools, led_sif_book, serial_shops, kennysheep_mini,
          ebering_ghost_sewer_f, dk_vineyard_2
D:5:      minmay_opposing_rooms, layout_basic, nicolae_overflow_hidden_temple,
          serial_shops, shop, nicolae_shop_trees, shop, kennysheep_little_box,
          nicolae_shop_window_shopping, nrook_campfire

Skill      XL: |  1  2  3  4  5  6  7 |
---------------+----------------------+-----
Poison Magic   | 4 5 6 |  6.8
Spellcasting   | 3 |  3.8
Polearms       | 1 3 4 |  4.4
Fighting       | 1 2 |  2.1
Dodging        | |  2.6
Stealth        | |  2.1
Transmutations | |  1.4

Action                   |  1- 3 |  4- 6 |  7- 9 || total
-------------------------+-------+-------+-------++-------
Melee: Unarmed           |    22 |       |       ||    22
       Short sword       |    29 |    45 |       ||    74
       Trident           |       |    51 |    65 ||   116
 Cast: Sting             |    32 |       |       ||    32
       Poisonous Vapours |     4 |    55 |     5 ||    64
  Use: Potion            |       |       |     1 ||     1
 Stab: Sleeping          |     1 |     2 |       ||     3
Armor: Robe              |    14 |    16 |     8 ||    38
Dodge: Dodged            |    44 |    70 |    43 ||   157
